 Dungeon Crawl Stone Soup version 0.31-a0-263-ge8cad7f256 (webtiles) character file.

Game seed: 16341956385028215586

247 cforsyth the Changeling (level 6, -2/48 HPs)
             Began as a Meteoran Shapeshifter on July 13, 2023.
             Was an Initiate of Okawaru.
             Slain by an iguana (12 damage)
             ... on level 4 of the Dungeon.
             The game lasted 00:08:31 (1172 turns).

cforsyth the Changeling (Meteoran Shapeshifter)     Turns: 1172, Time: 00:08:31

Health: -2/48      AC:  2    Str: 19    XL:     6   Next: 60%
Magic:  16/16      EV: 12    Int:  9    God:    Okawaru [......]
Gold:   51         SH:  0    Dex: 15    Spells: 5/5 levels left

rFire   . .          .
                       - Unarmed
rCold   . . .        (no shield)
rNeg    . . .        a - +0 animal skin
rPois   .            (helmet currently unavailable)
rElec   .            (cloak currently unavailable)
rCorr   .            (gloves currently unavailable)
SInv    .            (boots currently unavailable)
Will    .....        m - amulet of regeneration
Stlth   +            o - ring of magical power
HPRegen 1.08/turn    (no ring)
MPRegen 0.15/turn

%: no passive effects
@: beast-form, glowing
A: beast (slay +3), sense surroundings 1, otherworldly, glowing, explore regen
a: Begin Untransformation, Renounce Religion


You were on level 4 of the Dungeon.
You worshipped Okawaru.
Okawaru was noncommittal.
You were a hulking beast.
You visited 2 branches of the dungeon, and saw 5 of its levels.

You collected 51 gold pieces.

Inventory:

Armour
 a - a +0 animal skin (worn)
Jewellery
 m - an amulet of regeneration (around neck)
 o - a ring of magical power (left hand)
Talismans
 c - a beast talisman
Wands
 i - a wand of flame (25)
Scrolls
 e - a scroll of teleportation {unknown}
 k - a scroll of vulnerability {unknown}
 l - a scroll of enchant weapon {unknown}
Potions
 b - a potion of lignification
 d - a potion of mutation {unknown}
 f - 2 potions of might {unknown}
 g - a potion of brilliance {unknown}
 h - a potion of ambrosia {unknown}
 j - a potion of heal wounds {unknown}
 n - a potion of curing {unknown}


   Skills:
 - Level 2.1 Fighting
 - Level 2.4 Dodging
 + Level 5.5 Unarmed Combat
 + Level 5.5 Shapeshifting


You had 5 spell levels left.
You didn't know any spells.
Your spell library contained the following spells:

 Spells                   Type           Power      Damage    Failure   Level
 Magic Dart               Conj           0%         1d3       38%         1
 Mephitic Cloud           Conj/Pois/Air  0%         N/A       77%         3
 Stone Arrow              Conj/Erth      0%         3d7       77%         3
 Lehudib's Crystal Spear  Conj/Erth      0%         10d2      100%        8
 Call Imp                 Summ           Unusable   N/A       N/A         2
 Animate Armour           Summ/Erth      Unusable   N/A       N/A         4

Dungeon Overview and Level Annotations

Branches:
Dungeon (4/15) Zot: 1305   Temple (1/1) D:4 Zot: 531

Altars:
Ashenzari
Dithmenos
Elyvilon
Hepliaklqana
Nemelex Xobeh
Okawaru
Qazlal
Trog
Uskayaw
Wu Jian
Yredelemnul
Zin

Annotations:
D:3 1 runed translucent door, Dittersdorf's ghost, amateur GrFi


Innate Abilities, Weirdness & Mutations

You are a hulking beast.
Your limbs bulge with bestial killing power. (Slay +3)
You passively map a small area around you.
You are easily found by Zot.
You glow in the dark.
You regain HP and MP as you explore.


Message History

The iguana barely misses you. The iguana barely misses you.
The iguana attacks as you move away! The iguana barely misses you.
The endoplasm attacks as you move away! The endoplasm hits you.
You punch the endoplasm!
You kill the endoplasm!
Okawaru accepts your kill. The iguana closely misses you.
You hit the iguana. You punch the iguana, but do no damage.
The iguana is moderately wounded.
The iguana barely misses you.
You hit the iguana but do no damage.
The iguana is moderately wounded.
The iguana bites you!
You hit the iguana. You punch the iguana.
The iguana is almost dead.
The iguana bites you! The iguana misses you.
You closely miss the iguana.
The iguana is almost dead.
You hit the iguana.
You kill the iguana!
Okawaru accepts your kill. The iguana bites you!
You punch the endoplasm!
You kill the endoplasm!
Okawaru accepts your kill. The iguana bites you.
You closely miss the orc. The iguana bites you!
* * * LOW HITPOINT WARNING * * *
The orc closely misses you.
You barely miss the orc. The iguana barely misses you. The orc misses you.
You punch the orc!
You kill the orc!
Okawaru accepts your kill. The iguana closely misses you.
Things that are here:
a +0 whip; an orc corpse
There is a stone staircase leading up here.
The iguana attacks as you move away! The iguana bites you!
You die...

.....## * ......# ,
#. ......# ,,. *
....?.# .# * ......#
#####+###.#, , *
......# #..........,*
*
......####.......#.#
........~§~......#.#
...#...~~~~~..wlh..#
* *
#####.~§§§~~§..###.#,
, #~§~>§§~..)...# ,
##~~~~~§~.######
#..~~§§~..+ , , ,, #
#...§§~...# ** * ***
* # #.######### ** #
#.# , # #$#


You could see an iguana and a dart slug.

Vanquished Creatures
  A scorpion (D:4)
  A hound (D:4)
  3 iguanas
  An adder (D:2)
  2 dart slugs
  5 orcs
  5 ball pythons
  4 endoplasms
  4 giant cockroaches
  A goblin (D:1)
  8 hobgoblins
  6 jackals
  8 kobolds
  A quokka (D:3)
  3 bats
  A frilled lizard (D:3)
  5 rats
59 creatures vanquished.

Notes
Turn   | Place    | Note
-------+----------+-------------------------------------------
     0 | D:1      | cforsyth the Meteoran Shapeshifter began the quest for the
                  | Orb.
     0 | D:1      | Reached XP level 1. HP: 17/17 MP: 2/2
    39 | D:1      | Reached XP level 2. HP: 13/24 MP: 3/3
   140 | D:1      | Reached XP level 3. HP: 26/29 MP: 4/4
   467 | D:2      | Reached XP level 4. HP: 31/36 MP: 5/5
   583 | D:2      | Found a broken altar of Ashenzari.
   891 | D:3      | Reached XP level 5. HP: 13/41 MP: 6/6
   900 | D:3      | Found a runed translucent door.
   903 | D:3      | Noticed Dittersdorf's ghost (amateur GrFi)
  1034 | D:4      | Reached skill level 5 in Shapeshifting
  1034 | D:4      | Reached XP level 6. HP: 11/48 MP: 7/7
  1057 | D:4      | Reached skill level 5 in Unarmed Combat
  1072 | D:4      | Found a staircase to the Ecumenical Temple.
  1079 | Temple   | Entered the Ecumenical Temple
  1133 | Temple   | Became a worshipper of Warmaster Okawaru
  1172 | D:4      | Slain by an iguana

Illustrated notes

Levels and vault maps discovered:
D:1:      giann_forest_graveyard, layout_basic
D:2:      minmay_alternating_diamond, layout_basic, basic_altar, minivault_26
D:3:      layout_loops_corners, ebering_ghost_sewer_d,
          chequers_serial_rivers_micro_a, roderic_batcave,
          amcnicky_mini_pool_small, uniq_robin
D:4:      layout_basic, minmay_temple_entry_mist,
          minmay_fractal_squares_gapless_5
Temple:   hellmonk_temple_forest_ring

Skill      XL: |  1  2  3  4  5  6 |
---------------+-------------------+-----
Unarmed Combat | 3 4 5 |  5.5
Shapeshifting  | 4 5 |  5.5
Fighting       | |  2.1
Dodging        | |  2.4

Action                     |  1- 3 |  4- 6 || total
---------------------------+-------+-------++-------
  Melee: Unarmed           |    93 |    77 ||   170
         Punch             |     3 |     6 ||     9
 Armour: Animal skin       |    26 |    12 ||    38
  Dodge: Dodged            |    51 |    45 ||    96

Table legend: (Time is in decaauts)
 A = Elapsed time spent in this place.
 B = Non-inter-level travel time spent in this place.
 C = Inter-level travel time spent in this place.
 D = Time resting spent in this place.
 E = Time spent auto-exploring this place.
 F = Levels seen in this place.
 G = Mean time per level.
                   A        B        C        D        E       F      G
               +--------+--------+--------+--------+--------+-----+--------+
         Total |   1162 |   1056 |    106 |      0 |     74 |   5 |  232.4 |
       Dungeon |   1094 |   1003 |     91 |      0 |     74 |   4 |  273.5 |
        Temple |     68 |     53 |     15 |      0 |      0 |   1 |   68.0 |
               +--------+--------+--------+--------+--------+-----+--------+

Top non-repeatable levels by time:
     D:2: 369 daAuts
     D:3: 319 daAuts
     D:1: 277 daAuts
     D:4: 128 daAuts
  Temple: 68 daAuts
